 Dungeon Crawl Stone Soup version 0.20.1-1-g8b1a95d (webtiles) character file.

2748 Linguinho the Grappler (level 9, -10/83 (84) HPs)
             Began as a Troll Monk on Nov 13, 2017.
             Mangled by a two-headed ogre
             ... wielding a +0 great mace
              (32 damage)
             ... on level 9 of the Dungeon.
             The game lasted 00:11:34 (5382 turns).

Linguinho the Grappler (Troll Monk)                 Turns: 5382, Time: 00:11:35

HP:   -10/83 (84)   AC:  9    Str: 26    XL:     9   Next: 41%
MP:   8/8           EV: 12    Int:  6    God:
Gold: 269           SH:  0    Dex: 12    Spells: 8/8 levels left

rFire    . . .     SeeInvis .     - Unarmed
rCold    . . .     Gourm    +   (no shield)
rNeg     . . .     Faith    .   G - +2 robe {Archmagi}
rPois    .         Spirit   .   (helmet restricted)
rElec    .         Reflect  .   l - +1 cloak {MR+}
rCorr    .         Harm     +   (gloves unavailable)
MR       +....                  (boots unavailable)
Stlth    ++........             E - amulet of harm
Regen    0.7/turn               u - +2 ring of strength (curse)
MPRegen  0.2/turn               q - ring of wizardry

@: no status effects
A: unfitting armour, claws 3, fast metabolism 3, gourmand, regeneration 1,
shaggy fur 1, tough skin 2
a: no special abilities


You were on level 9 of the Dungeon.
You were not hungry.

You visited 2 branches of the dungeon, and saw 10 of its levels.

You collected 560 gold pieces.
You spent 291 gold pieces at shops.

Inventory:

Armour
 a - a +0 robe
 l - a +1 cloak of magic resistance (worn)
 t - a +0 cloak
 G - a +2 robe of the Archmagi (worn)
Jewellery
 j - an uncursed ring of protection from cold {unknown}
 q - a ring of wizardry (right claw)
 u - a cursed +2 ring of strength (left claw)
 E - an amulet of harm (around neck)
 I - an uncursed ring of protection from magic {unknown}
Wands
 n - a wand of lightning (9/15)
Scrolls
 c - 2 scrolls of identify
 h - 7 scrolls of remove curse
 k - a scroll of fog
 o - 2 scrolls of recharging
 r - a scroll of magic mapping
 w - 2 scrolls of enchant armour
 y - a scroll of fear {unknown}
 z - a scroll of immolation {unknown}
 A - 5 scrolls of teleportation {unknown}
 B - 2 scrolls of amnesia {unknown}
 C - 2 scrolls of holy word {unknown}
 D - a scroll of blinking {unknown}
 F - a scroll of random uselessness {unknown}
Potions
 d - 3 potions of lignification
 e - 3 potions of curing
 f - a potion of invisibility {unknown}
 i - a potion of ambrosia {unknown}
 p - a potion of might {unknown}
 s - 3 potions of heal wounds
 v - 4 potions of haste
 x - 3 potions of agility {unknown}
 H - a potion of mutation {unknown}
Comestibles
 b - 7 bread rations
 g - 2 royal jellies
 m - 8 meat rations


   Skills:
 + Level 4.3 Fighting
 + Level 5.5 Dodging
 + Level 2.2 Stealth
 + Level 10.5 Unarmed Combat


You had 8 spell levels left.
You didn't know any spells.

Dungeon Overview and Level Annotations

Branches:
Dungeon (9/15)             Temple (1/1) D:6
   Lair: D:8-11         Orc: D:9-12

Altars:
Ashenzari
Cheibriados
Dithmenos
Elyvilon
Fedhas
Gozag
Hepliaklqana
Kikubaaqudgha
Makhleb
Nemelex Xobeh
Okawaru
Qazlal
Ru
Sif Muna
Trog
Uskayaw
Vehumet
Xom
Yredelemnul
Zin

Shops:
D:7 [:(   D:8 }

Annotations:
D:9 Gremour's ghost, journeyman GrFi


Innate Abilities, Weirdness & Mutations

You are too large for most types of armour.
You have claws for hands.
Your metabolism is lightning-fast.
You like to eat raw meat.
Your natural rate of healing is unusually fast.
You are covered in fur. (AC +1)
You have very tough skin. (AC +2)


Message History

You claw the orc wizard!
You kill the orc wizard!
The howler monkey hoots and howls with incredible vigour!
Gremour's ghost closely misses you.
You hear a shout! x2
You barely miss Gremour's ghost.
Gremour's ghost is lightly damaged.
Gremour's ghost hits you.
You barely miss the howler monkey. The howler monkey barely misses you.
Gremour's ghost hits you!
You completely miss the howler monkey.
The howler monkey hits you but does no damage.
You mangle the howler monkey!!
You kill the howler monkey!
Gremour's ghost barely misses you.
You can't go up here!
Gremour's ghost hits you!
* * * LOW HITPOINT WARNING * * *
The two-headed ogre hits you with a great mace!!
You die...

#............##..#
#(####.#####.##O.#
#..)....##..#
#.#####.##H.# #.#
#.##..#
#.#####.##..#
#....#..H#..#
#......#W(..#
####.#.@O##.#
#.##.## .#
####.##.## .####
.........# ....#
########.# ###.#
#.# #.# ##.## #.#
#######.#.####.##
#......###......#


You could see a two-headed ogre, a hippogriff and Gremour's ghost.

Vanquished Creatures
  A two-headed ogre (D:9)
  The ghost of letownia2 the Reanimator, a novice DDNe of Gozag (D:7)
  A hungry ghost (D:8)
  2 water moccasins
  A sky beast (D:5)
  A necrophage (D:8)
  A phantom (D:7)
  2 bullfrogs
  A gnoll sergeant (D:6)
  The ghost of letownia2 the Grave Robber, a weakling DDNe (D:5)
  The ghost of letownia2 the Grave Robber, a weakling DDNe (D:3)
  2 howler monkeys
  A crimson imp (D:5)
  A quasit (D:9)
  2 jellies
  An orc priest (D:5)
  7 orc wizards
  A centaur skeleton (D:4)
  An iguana (D:5)
  A worker ant (D:9)
  A hound skeleton (D:6)
  13 gnolls
  4 adders
  A shadow imp (D:9)
  2 dart slugs (D:1)
  3 leopard geckos (D:3)
  17 orcs
  7 bats
  A giant cockroach (D:4)
  9 goblins
  3 hobgoblins
  23 jackals
  3 kobolds (D:1)
  4 quokkas
  8 frilled lizards
  A quokka zombie (D:6)
  6 rats
136 creatures vanquished.

Notes
Turn   | Place    | Note
-------+----------+-------------------------------------------
     0 | D:1      | Linguinho the Troll Monk began the quest for the Orb.
     0 | D:1      | Reached XP level 1. HP: 22/22 MP: 0/0
    65 | D:1      | Reached XP level 2. HP: 22/29 MP: 1/1
   365 | D:1      | Reached XP level 3. HP: 34/36 MP: 2/2
  1309 | D:3      | Noticed letownia2's ghost (weakling DDNe)
  1332 | D:3      | Killed letownia2's ghost
  1332 | D:3      | Reached skill level 4 in Unarmed Combat
  1332 | D:3      | Reached XP level 4. HP: 6/44 MP: 3/3
  1518 | D:3      | Reached XP level 5. HP: 48/52 MP: 4/4
  1671 | D:3      | Found an opulent altar of Gozag.
  1752 | D:3      | Found a faded altar of an unknown god.
  1858 | D:4      | Reached skill level 5 in Unarmed Combat
  1858 | D:4      | Reached XP level 6. HP: 61/61 MP: 5/5
  1917 | D:4      | Found a shattered altar of Ashenzari.
  1917 | D:4      | Found a white marble altar of Elyvilon.
  2490 | D:5      | Entered Level 5 of the Dungeon
  2490 | D:5      | Found a hazy altar of Hepliaklqana.
  2595 | D:5      | Noticed a sky beast
  2610 | D:5      | Killed a sky beast
  2610 | D:5      | Reached skill level 6 in Unarmed Combat
  2705 | D:5      | Found a deep blue altar of Sif Muna.
  2727 | D:5      | Noticed letownia2's ghost (weakling DDNe)
  2729 | D:5      | Reached XP level 7. HP: 37/67 MP: 6/6
  2783 | D:5      | Killed letownia2's ghost
  2789 | D:5      | Found a sparkling altar of Nemelex Xobeh.
  3088 | D:5      | Found a burning altar of Makhleb.
  3317 | D:6      | Found a staircase to the Ecumenical Temple.
  3356 | D:6      | Reached skill level 7 in Unarmed Combat
  3363 | Temple   | Entered the Ecumenical Temple
  3889 | D:6      | Reached XP level 8. HP: 70/76 MP: 7/7
  4068 | D:7      | Found Tubuim's Book Shoppe.
  4126 | D:7      | Found James's Weapon Boutique.
  4126 | D:7      | Noticed letownia2's ghost (novice DDNe)
  4156 | D:7      | Killed letownia2's ghost
  4156 | D:7      | Reached skill level 5 in Dodging
  4156 | D:7      | Reached skill level 8 in Unarmed Combat
  4294 | D:7      | Reached skill level 9 in Unarmed Combat
  4494 | D:7      | Found Kapsif's Antique Armour Shoppe.
  4502 | D:7      | Bought a runed cloak for 195 gold pieces
  4502 | D:7      | Bought an embroidered robe for 96 gold pieces
  4754 | D:8      | Reached XP level 9. HP: 83/83 MP: 8/8
  4992 | D:8      | Found Cimeopod's Gadget Shoppe.
  5316 | D:9      | Noticed a two-headed ogre
  5323 | D:9      | Killed a two-headed ogre
  5323 | D:9      | Reached skill level 10 in Unarmed Combat
  5346 | D:9      | Noticed Gremour's ghost (journeyman GrFi)
  5357 | D:9      | Noticed a two-headed ogre
  5382 | D:9      | Mangled by a two-headed ogre

Skill      XL: |  1  2  3  4  5  6  7  8  9 |
---------------+----------------------------+-----
Dodging        | 3 4 5 |  5.5
Unarmed Combat | 4 5 6 7 9 10 | 10.5
Fighting       | 3 4 |  4.3
Stealth        | 2 |  2.2

Action                   |  1- 3 |  4- 6 |  7- 9 || total
-------------------------+-------+-------+-------++-------
Melee: Unarmed           |   114 |   149 |   156 ||   419
       Punch             |     1 |     1 |     6 ||     8
  Use: Scroll            |       |       |    12 ||    12
 Stab: Sleeping          |     1 |       |       ||     1
  Eat: Chunk             |    11 |    15 |    16 ||    42
       Royal jelly       |     1 |       |     2 ||     3
       Fruit             |       |       |     2 ||     2
Armor: Robe              |    63 |    46 |    35 ||   144
Dodge: Dodged            |    92 |    86 |    82 ||   260
